 Dungeon Sprint DCSS version bcrawl-1.20.1-3-gdcb1fc31ed (webtiles) character file.

Game seed: 2371678568775928767

1864 Freyura the Basher (level 9, -1/77 HPs)
             Began as a Formicid Fighter on Jan 28, 2020.
             Was a Believer of Makhleb.
             Slain by a two-headed ogre
             ... wielding a +0 giant spiked club
              (7 damage)
             ... in the Dungeon (Sprint IX: "|||||||||||||||||||||||||||||").
             The game lasted 00:04:05 (508 turns).

Freyura the Basher (Formicid Fighter)                Turns: 508, Time: 00:04:06

Health: -1/77      AC: 15    Str: 21    XL:     9   Next: 35%
Magic:  9/9        EV: 14    Int:  8    God:    Makhleb [**....]
Gold:   0          SH: 12    Dex: 13    Spells: 8/8 levels left

rFire    . . .     SeeInvis +   p - +2 dire flail (crush)
rCold    . . .     Gourm    .   c - +0 shield
rNeg     . . .     Faith    .   q - +0 plate armour
rPois    .         Spirit   .   (helmet unavailable)
rElec    .         Reflect  .   (no cloak)
rCorr    .         Harm     .   a - +0 pair of gloves
MR       .....                  (no boots)
Stlth    ..........             (no amulet)
HPRegen  0.22/turn              r - +2 ring of evasion
MPRegen  0.11/turn              s - +2 ring of evasion

@: invisible
A: permanent stasis, dig shafts and tunnels, four strong arms, antennae 3
a: Dig, Minor Destruction, Renounce Religion


You were in the Dungeon.
You worshipped Makhleb.
Makhleb was pleased with you.
You were not hungry.

You visited 1 branch

Inventory:

Hand Weapons
 p - a +2 dire flail of crushing (weapon)
Armour
 a - a +0 pair of gloves (worn)
 b - a +0 scale mail
 c - a +0 shield (worn)
 q - a +0 plate armour (worn)
Jewellery
 r - a +2 ring of evasion (left hand)
 s - a +2 ring of evasion (right hand)
Wands
 o - a wand of acid (9)
Scrolls
 k - 2 scrolls of blinking
 m - 3 scrolls of remove curse
 n - 2 scrolls of amnesia
Potions
 f - 5 potions of curing
 h - a potion of haste
 i - 4 potions of magic
 j - a potion of berserk rage
Comestibles
 e - a ration {!d}


   Skills:
 + Level 9.5 Fighting
 * Level 11.7 Maces & Flails
 + Level 9.7 Armour
 + Level 7.4 Dodging
 + Level 10.3 Shields


You had 8 spell levels left.
You didn't know any spells.
Your spell library was empty.

Dungeon Overview and Level Annotations

Branches:
Dungeon (1/1)

Altars:
Cheibriados
Dithmenos
Elyvilon
Fedhas
Gozag
Hepliaklqana
Kikubaaqudgha
Lugonu
Makhleb
Nemelex Xobeh
Okawaru
Qazlal
Ru
Sif Muna
Trog
Uskayaw
Vehumet
Wu Jian
Xom
Yredelemnul
Zin
The Shining One
Beogh
Jiyva


Innate Abilities, Weirdness & Mutations

You cannot be hasted, slowed, berserked, paralysed or teleported.
You can dig through walls and to a lower floor.
Your four strong arms can wield two-handed weapons with a shield.
You have a pair of large antennae on your head. (SInv)


Message History

The two-headed ogre is lightly wounded.
You block the earth elemental's attack.
You impale the two-headed ogre!!
The two-headed ogre is heavily wounded.
You block the two-headed ogre's attack. The two-headed ogre misses you.
You hit the two-headed ogre but do no damage.
The two-headed ogre is heavily wounded.
The earth elemental misses you.
You hit the two-headed ogre.
The two-headed ogre is heavily wounded.
You block the two-headed ogre's attack.
The two-headed ogre hits you but does no damage.
You sock the two-headed ogre!
The two-headed ogre is almost dead.
The earth elemental hits you!!
* * * LOW HITPOINT WARNING * * *
You fade into invisibility!
You block the two-headed ogre's attack.
The two-headed ogre hits you with a +0 giant club!
You die...

▓.▓
{
▓.▓
{
▓.▓
{
▓)▓
{
▓E▓
{
▓E▓
{
▓e▓
▓E▓
▓@▓
▓O▓
▓Z▓
▓.▓
▓.▓
▓.▓
▓.▓
▓.▓
▓.▓


You could see a two-headed ogre, 3 earth elementals, a deep elf mage and a ball
python zombie.

Vanquished Creatures
  A hydra (D)
  An unseen horror (D)
  An ugly thing (D)
  An orc warrior (D)
  An ogre (D)
  A bullfrog (D)
  A howler monkey (D)
  A crimson imp (D)
  An orc wizard (D)
  An adder zombie (D)
  A leopard gecko (D)
  A bat zombie (D)
  A hobgoblin (D)
  A quokka (D)
  A frilled lizard (D)
  A jackal zombie (D)
  A quokka skeleton (D)
  2 rats (D)
19 creatures vanquished.

Notes
Turn   | Place    | Note
-------+----------+-------------------------------------------
     0 | D        | Freyura the Formicid Fighter began the quest for the Orb.
     0 | D        | Reached XP level 1. HP: 18/18 MP: 1/1
    66 | D        | Noticed a howler monkey
    70 | D        | Reached skill level 1 in Dodging
    70 | D        | Reached XP level 2. HP: 24/25 MP: 2/2
    71 | D        | Reached skill level 3 in Maces & Flails
    80 | D        | Killed a howler monkey
    80 | D        | Reached skill level 4 in Maces & Flails
    80 | D        | Reached XP level 3. HP: 16/31 MP: 3/3
    80 | D        | Reached XP level 4. HP: 20/38 MP: 4/4
   222 | D        | Found a roughly hewn altar of Beogh.
   222 | D        | Found a snail-covered altar of Cheibriados.
   222 | D        | Found a shadowy altar of Dithmenos.
   222 | D        | Found a white marble altar of Elyvilon.
   222 | D        | Found a blossoming altar of Fedhas.
   222 | D        | Found an opulent altar of Gozag.
   223 | D        | Found a hazy altar of Hepliaklqana.
   224 | D        | Found a viscous altar of Jiyva.
   225 | D        | Found an ancient bone altar of Kikubaaqudgha.
   226 | D        | Found a corrupted altar of Lugonu.
   227 | D        | Found a burning altar of Makhleb.
   228 | D        | Found a sparkling altar of Nemelex Xobeh.
   229 | D        | Found an iron altar of Okawaru.
   230 | D        | Found a stormy altar of Qazlal.
   231 | D        | Found a sacrificial altar of Ru.
   232 | D        | Found a shimmering blue altar of Sif Muna.
   233 | D        | Found a bloodstained altar of Trog.
   234 | D        | Found a hide-covered altar of Uskayaw.
   235 | D        | Found a radiant altar of Vehumet.
   236 | D        | Found an ornate altar of the Wu Jian Council.
   237 | D        | Found a shimmering altar of Xom.
   238 | D        | Found a basalt altar of Yredelemnul.
   239 | D        | Found a glowing silver altar of Zin.
   240 | D        | Found a glowing golden altar of the Shining One.
   278 | D        | Became a worshipper of Makhleb the Destroyer
   323 | D        | Noticed a four-headed hydra
   323 | D        | Noticed an ogre
   323 | D        | Noticed a bullfrog
   333 | D        | Killed a four-headed hydra
   333 | D        | Reached skill level 9 in Maces & Flails
   333 | D        | Reached XP level 5. HP: 29/49 MP: 5/5
   333 | D        | Reached XP level 6. HP: 33/56 MP: 6/6
   333 | D        | Reached XP level 7. HP: 36/61 MP: 7/7
   333 | D        | Reached XP level 8. HP: 40/68 MP: 8/8
   336 | D        | Reached skill level 10 in Maces & Flails
   339 | D        | Reached * piety under Makhleb
   345 | D        | Reached ** piety under Makhleb
   474 | D        | Noticed a white ugly thing
   474 | D        | Noticed an unseen horror
   474 | D        | Noticed a deep elf mage
   474 | D        | Noticed a two-headed ogre
   482 | D        | Killed a white ugly thing
   482 | D        | Reached skill level 11 in Maces & Flails
   486 | D        | Reached XP level 9. HP: 36/76 MP: 9/9
   495 | D        | Killed an unseen horror
   495 | D        | Reached skill level 10 in Shields
   508 | D        | Slain by a two-headed ogre

Skill      XL: |  1  2  3  4  5  6  7  8  9 |
---------------+----------------------------+-----
Shields        | 4 8 9 10 | 10.3
Dodging        | 1 2 6 7 |  7.4
Maces & Flails | 4 9 11 | 11.7
Fighting       | 4 7 9 |  9.5
Armour         | 4 8 9 |  9.7

Action                   |  1- 3 |  4- 6 |  7- 9 || total
-------------------------+-------+-------+-------++-------
Melee: Flail             |    27 |     5 |       ||    32
       Dire flail        |       |     7 |    42 ||    49
Evoke: Wand              |       |       |     1 ||     1
  Use: Potion            |       |     3 |     2 ||     5
Armor: Scale mail        |    16 |     3 |       ||    19
       Plate armour      |       |     9 |    12 ||    21
Dodge: Dodged            |     5 |    11 |    14 ||    30
Block: Shield            |    13 |    10 |    18 ||    41
